 Dungeon Crawl Stone Soup version 0.31-a0-532-g28f74ba3e5 (webtiles) character file.

Game seed: 13585534055091723850

4225 Newt the Fighter (level 10, -1/80 HPs)
             Began as a Demonspawn Gladiator on Aug 13, 2023.
             Was a Follower of Makhleb.
             Succumbed to Amaemon's poison
             ... on level 9 of the Dungeon.
             The game lasted 00:09:47 (6128 turns).

Newt the Fighter (Demonspawn Gladiator)             Turns: 6128, Time: 00:09:48

Health: -1/80      AC: 20    Str: 21    XL:     10   Next: 9%
Magic:  1/1        EV: 16    Int:  9    God:    Makhleb [*.....]
Gold:   275        SH:  0    Dex: 17    Spells: 9/9 levels left

rFire   + + .        h - +5 short sword
rCold   + + .        (no shield)
rNeg    + + .        p - +3 scale mail {rF+}
rPois   .            c - +0 helmet
rElec   +            A - +0 cloak
rCorr   .            H - +3 pair of gloves "Ewuck" {+Inv rElec rN++}
SInv    .            (no boots)
Will    .....        (no amulet)
Stlth   ++           m - ring "Ezokobb" {rF+ rC+ MP-9 EV+5 Str+4}
HPRegen 0.33/turn    B - ring of protection from cold
MPRegen 0.07/turn

%: no passive effects
@: lethally poisoned (-1 -> -24)
A: thin metallic scales 2, demonic magic 2, weakness stinger 2, hooves 1,
deterioration 1, electricity resistance, wild magic 1
a: Renounce Religion, Evoke Invisibility


You were on level 9 of the Dungeon.
You worshipped Makhleb.
Makhleb was aware of your devotion.
You visited 2 branches of the dungeon, and saw 8 of its levels.

You collected 275 gold pieces.

Inventory:

Hand Weapons
 a - a +0 rapier
 h - a +5 short sword (weapon)
Missiles
 d - 4 throwing nets (quivered)
 e - a javelin
Armour
 b - a +0 leather armour
 c - a +0 helmet (worn)
 p - a +3 scale mail of fire resistance (worn)
 A - a +0 cloak (worn)
 H - the +3 pair of gloves "Ewuck" (worn) {+Inv rElec rN++}
   (You acquired it on level 8 of the Dungeon)

   rElec:     It insulates you from electricity.
   rN++:      It greatly protects you from negative energy.
   +Inv:      It lets you turn invisible.
Jewellery
 m - the ring "Ezokobb" (left hand) {rF+ rC+ MP-9 EV+5 Str+4}
   (You acquired it on level 2 of the Dungeon)

   [ring of evasion]

   EV+5:      It affects your evasion (+5).
   Str+4:     It affects your strength (+4).
   rF+:       It protects you from fire.
   rC+:       It protects you from cold.
   MP-9:      It affects your magic capacity (-9).
 B - a ring of protection from cold (right hand)
Talismans
 t - a beast talisman
Wands
 n - a wand of iceblast (14)
 x - a wand of charming (4)
 G - a wand of flame (26)
Scrolls
 g - a scroll of fog
 j - a scroll of torment {unknown}
 k - a scroll of immolation {unknown}
 o - 3 scrolls of vulnerability
 q - 3 scrolls of teleportation
 s - a scroll of blinking {unknown}
 u - a scroll of fear {unknown}
 w - a scroll of summoning {unknown}
 y - a scroll of enchant armour
 z - a scroll of amnesia
 D - a scroll of brand weapon {unknown}
 I - a scroll of enchant weapon
Potions
 f - 3 potions of degeneration
 i - 3 potions of cancellation
 l - a potion of attraction
 v - a potion of magic
 C - a potion of might


   Skills:
 + Level 8.2 Fighting
 - Level 8.0 Short Blades
 - Level 1.7 Throwing
 - Level 5.0 Armour
 - Level 2.6 Dodging
 - Level 5.0 Stealth
 - Level 5.0 Evocations


You had 9 spell levels left.
You didn't know any spells.
Your spell library was empty.

Dungeon Overview and Level Annotations

Branches:
Dungeon (9/15)             Temple (1/1) D:4
   Lair: D:8-11         Orc: D:9-12

Altars:
Ashenzari
Cheibriados
Dithmenos
Fedhas
Gozag
Hepliaklqana
Kikubaaqudgha
Makhleb
Nemelex Xobeh
Okawaru
Qazlal
Ru
Sif Muna
Trog
Uskayaw
Vehumet
Wu Jian
Xom
Yredelemnul

Annotations:
D:8 3 runed translucent doors, Heh's ghost, novice OpSh


Innate Abilities, Weirdness & Mutations

You are mostly covered in thin metallic scales. (AC +3)
Spells you cast may paralyse nearby enemies.
You have a tail ending in a sharp stinger.
You have large cloven feet.
Your body sometimes deteriorates upon taking damage.
You are resistant to electric shocks. (rElec)
Your spells are a little harder to cast, but a little more powerful.


Message History

Amaemon closely misses you. Amaemon completely misses you.
You hit Amaemon but do no damage.
Amaemon is almost dead.
* * * LOW HITPOINT WARNING * * *
You feel very sick.
The orange demon stings you but does no damage.
Amaemon misses you. Amaemon closely misses you. Amaemon barely misses you.
Unknown command.
There is nothing to cancel.
Unknown command.
It was a potion of mutation.
You feel extremely strange.
You feel yourself wasting away.
You feel insulated.
You feel less in control of your magic.
Your feet thicken and deform.
* * * LOW HITPOINT WARNING * * *
You feel very sick.
Amaemon hits you with a -2 demon whip of venom!
* * * LOW HITPOINT WARNING * * *
You are more poisoned.
Amaemon completely misses you.
Amaemon tail-slaps you but does no damage.
The orange demon misses you.
Unknown command.
You hit Amaemon.
You kill Amaemon!
Makhleb accepts your kill.
* * * LOW HITPOINT WARNING * * *
You feel very sick.
Training target 5.0 for Evocations reached!
Your Evocations skill increases to level 5!
You need to enable at least one skill for training.
You have reached level 10!
Your demonic ancestry asserts itself...
Your tail grows a sharp stinger.
Okay, then.
Okay, then.
Aiming: Charm
Press: ? - help, Shift-Dir - straight line, f - orange demon
Aim: an orange demon (concentrated venom, chance to affect: 27%)
The orange demon is charmed.
You die...

.. #. . ##. # #.
..#### #.# ..^.###
#.# #..... #.# #.>†#
##.# #4..# #
#..###)..#
#.#########....@...#
##.............##...#
.####..#####..###...#
.<†....###....# #...#
#.###.........# #...#
#.........#...###...#
......#.#.......#####
#######.......#....#
#####...####.#


You could see a friendly orange demon (charmed, curare).

Vanquished Creatures
  Amaemon (D:9)
  Sigmund (D:2)
  12 yaks
  A steam dragon (D:9)
  A black bear (D:5)
  An ice beast (D:5)
  A sky beast (D:3)
  An orc warrior (D:8)
  The ghost of duskshroud the Chopper, an amateur MiBe of Trog (D:4)
  2 centaurs (D:8)
  A bullfrog (D:8)
  2 scorpions
  A wight (D:4)
  A bullfrog zombie (D:4)
  2 centaur zombies (D:4)
  Crazy Yiuf (D:3)
  2 hounds (D:5)
  A sleepcap (D:4)
  Terence (D:3)
  Natasha (thrice) (D:3)
  5 iguanas
  8 orc wizards
  A howler monkey zombie (D:4)
  7 adders
  2 ufetubi (D:5)
  2 worms
  2 dart slugs
  19 orcs
  3 endoplasms
  A giant cockroach (D:4)
  4 goblins (D:3)
  10 hobgoblins
  2 jackals (D:1)
  4 quokkas
  8 ball pythons
  2 bats
  A frilled lizard (D:1)
  A kobold (D:4)
  4 rats
123 creatures vanquished.

Notes
Turn   | Place    | Note
-------+----------+-------------------------------------------
     0 | D:1      | Newt the Demonspawn Gladiator began the quest for the Orb.
     0 | D:1      | Reached XP level 1. HP: 16/16 MP: 1/1
   115 | D:1      | Gained mutation: You are partially covered in thin metallic
                  | scales. (AC +2) [demonic ancestry]
   115 | D:1      | Reached XP level 2. HP: 23/23 MP: 2/2
  1046 | D:2      | Identified a scroll of acquirement
  1046 | D:2      | Acquired the ring "Ezokobb" {rF+ rC+ MP-9 EV+5 Str+4}
  1247 | D:2      | Reached skill level 1 in Armour
  1252 | D:2      | Gained mutation: Spells you cast may paralyse adjacent
                  | enemies. [demonic ancestry]
  1252 | D:2      | Reached XP level 3. HP: 28/29 MP: 0/3
  1356 | D:2      | Noticed Sigmund
  1369 | D:2      | Killed Sigmund
  1370 | D:2      | Reached XP level 4. HP: 27/38 MP: 0/4
  1370 | D:2      | Gained mutation: You are mostly covered in thin metallic
                  | scales. (AC +3) [demonic ancestry]
  1370 | D:2      | Reached XP level 5. HP: 31/43 MP: 0/5
  1430 | D:2      | Reached skill level 5 in Fighting
  1569 | D:2      | Found a faded altar of an unknown god.
  1903 | D:3      | Noticed a sky beast
  1921 | D:3      | Killed a sky beast
  1922 | D:3      | Reached XP level 6. HP: 46/51 MP: 0/6
  1968 | D:3      | Noticed Terence
  1980 | D:3      | Killed Terence
  2065 | D:3      | Noticed Natasha
  2074 | D:3      | Killed Natasha
  2104 | D:3      | Noticed Natasha
  2122 | D:3      | Killed Natasha
  2126 | D:3      | Noticed Natasha
  2134 | D:3      | Killed Natasha
  2282 | D:3      | Gained mutation: Spells you cast may paralyse nearby
                  | enemies. [demonic ancestry]
  2282 | D:3      | Reached XP level 7. HP: 48/56 MP: 0/7
  2289 | D:3      | Reached skill level 5 in Short Blades
  2559 | D:3      | Found a runed translucent door.
  2560 | D:3      | Noticed Crazy Yiuf
  2847 | D:3      | Killed Crazy Yiuf
  2960 | D:4      | Found a staircase to the Ecumenical Temple.
  2979 | Temple   | Entered the Ecumenical Temple
  2987 | Temple   | Became a worshipper of Makhleb the Destroyer
  3055 | D:4      | Found a transporter.
  3058 | D:4      | Noticed duskshroud's ghost (amateur MiBe)
  3063 | D:4      | Found a transporter.
  3599 | D:4      | Killed duskshroud's ghost
  3600 | D:4      | Reached skill level 5 in Armour
  3850 | D:5      | Entered Level 5 of the Dungeon
  4069 | D:5      | Reached XP level 8. HP: 58/65 MP: 0/8
  4202 | D:5      | Reached * piety under Makhleb
  4795 | D:5      | You fall into a shaft and drop 3 floors!
  4811 | D:8      | Noticed a lindwurm
  4811 | D:8      | Noticed a lindwurm
  4815 | D:8      | Acquired the +3 pair of gloves "Ewuck" {+Inv rElec rN++}
  4818 | D:8      | Noticed a lindwurm
  4911 | D:8      | Gained mutation: You have a small tail. [demonic ancestry]
  4911 | D:8      | Reached XP level 9. HP: 20/74 MP: 0/9
  4952 | D:8      | HP: 1/74 [yak (9)]
  5183 | D:8      | Noticed a lindwurm
  5199 | D:8      | HP: 3/74 [lindwurm (4)]
  5642 | D:8      | Reached skill level 1 in Stealth
  5745 | D:8      | Found a runed translucent gate.
  5746 | D:8      | Found a runed translucent gate.
  5747 | D:8      | Found a runed translucent gate.
  5748 | D:8      | Noticed Heh's ghost (novice OpSh)
  6014 | D:9      | Reached skill level 5 in Stealth
  6014 | D:9      | Reached skill level 1 in Evocations
  6097 | D:9      | Noticed Amaemon
  6106 | D:9      | Noticed an orange demon
  6126 | D:9      | Gained mutation: Your body sometimes deteriorates upon
                  | taking damage. [potion of mutation]
  6126 | D:9      | Gained mutation: You are resistant to electric shocks.
                  | (rElec) [potion of mutation]
  6126 | D:9      | Gained mutation: Your spells are a little harder to cast,
                  | but a little more powerful. [potion of mutation]
  6126 | D:9      | Gained mutation: You have large cloven feet. [potion of
                  | mutation]
  6127 | D:9      | Killed Amaemon
  6127 | D:9      | HP: 3/74 [poisoned by Amaemon]
  6128 | D:9      | Reached skill level 5 in Evocations
  6128 | D:9      | Gained mutation: You have a tail ending in a sharp stinger.
                  | [demonic ancestry]
  6128 | D:9      | Reached XP level 10. HP: 3/80 MP: 1/10
  6128 | D:9      | Succumbed to Amaemon's poison

Illustrated notes

Levels and vault maps discovered:
D:1:      amcnicky_arrival_abandoned_market, layout_basic
D:2:      minmay_angry_zag, layout_basic, hellmonk_ecumenical_altar_arch_garden,
          uniq_sigmund
D:3:      layout_basic, kennysheep_boxes, uniq_terence, uniq_crazy_yiuf_cottage,
          uniq_natasha
D:4:      layout_basic, minmay_temple_entry_slanted, gammafunk_ghost_mausoleum
D:5:      layout_loops_corners
D:8:      layout_loops_ring, biasface_ghost_orc_armoury, minmay_lindwurm_lava
D:9:      layout_rooms, uniq_amaemon, uniq_erica
Temple:   grunt_wide_crystal_templ

Skill      XL: |  1  2  3  4  5  6  7  8  9 |
---------------+----------------------------+-----
Fighting       | 3 4 5 6 8 |  8.2
Armour         | 1 3 5 |  5.0
Short Blades   | 3 4 5 7 8 |  8.0
Stealth        | 5 |  5.0
Evocations     | 5 |  5.0
Throwing       | |  1.7
Dodging        | |  2.6

Action                     |  1- 3 |  4- 6 |  7- 9 | 10-12 || total
---------------------------+-------+-------+-------+-------++-------
  Melee: Rapier            |    11 |       |       |       ||    11
         Short sword       |    50 |   133 |   587 |       ||   770
         Punch             |       |     7 |     8 |       ||    15
         Tailslap          |       |       |    50 |       ||    50
  Evoke: Wand              |       |       |     1 |     1 ||     2
    Use: Scroll            |     8 |     3 |     6 |       ||    17
         Potion            |       |       |    12 |       ||    12
 Armour: Leather armour    |     8 |       |       |       ||     8
         Scale mail        |     7 |    58 |   154 |       ||   219
  Dodge: Dodged            |    40 |    83 |   391 |       ||   514

Table legend: (Time is in decaauts)
 A = Elapsed time spent in this place.
 B = Non-inter-level travel time spent in this place.
 C = Inter-level travel time spent in this place.
 D = Time resting spent in this place.
 E = Time spent auto-exploring this place.
 F = Levels seen in this place.
 G = Mean time per level.
                   A        B        C        D        E       F      G
               +--------+--------+--------+--------+--------+-----+--------+
         Total |   5911 |   5557 |    354 |    685 |   3728 |   8 |  738.9 |
       Dungeon |   5895 |   5557 |    338 |    685 |   3728 |   7 |  842.1 |
        Temple |     16 |      1 |     15 |      0 |      0 |   1 |   16.0 |
               +--------+--------+--------+--------+--------+-----+--------+

Top non-repeatable levels by time:
     D:8: 1096 daAuts
     D:3: 1027 daAuts
     D:1: 959 daAuts
     D:5: 913 daAuts
     D:4: 888 daAuts
     D:2: 864 daAuts
     D:9: 145 daAuts
  Temple: 16 daAuts
